 Dungeon Crawl Stone Soup version 0.18.1-6-gd335043 (webtiles) character file.

178 seren the Magician (level 5, 0/28 HPs)
             Began as a Deep Elf Wizard on May 18, 2016.
             Was an Initiate of Sif Muna.
             Slain by an orc
             ... wielding a +2 flail of crushing
              (6 damage)
             ... on level 3 of the Dungeon.
             The game lasted 00:17:34 (2731 turns).

seren the Magician (Deep Elf Wizard)                Turns: 2731, Time: 00:17:34

Health: 0/28       AC:  3    Str:  4    XL:     5   Next: 32%
Magic:  5/15       EV: 12    Int: 24    God:    Sif Muna [......]
Gold:   77         SH:  0    Dex: 13    Spells: 4 memorised, 8 levels left

rFire  . . .     SeeInvis .     e - +2 dagger (elec)
rCold  . . .     Gourm    .     a - +0 robe
rNeg   . . .     Faith    .     (no shield)
rPois  .         Spirit   .     b - +0 hat
rElec  .         Dismiss  .     x - +0 cloak
rCorr  .         Reflect  .     (no gloves)
SustAt .         Harm     .     (no boots)
MR     .....                    (no amulet)
Stlth  ++........               (no ring)
                                t - +5 ring of slaying

@: repel missiles, not resistant to hostile enchantments, unstealthy
A: no striking features
a: Renounce Religion


You were on level 3 of the Dungeon.
You worshipped Sif Muna.
Sif Muna was noncommittal.
You were not hungry.

You visited 1 branch of the dungeon, and saw 3 of its levels.

You collected 77 gold pieces.

Inventory:

Hand Weapons
 e - a +2 dagger of electrocution (weapon)
 w - a +3 quarterstaff of chaos
Armour
 a - a +0 robe (worn)
 b - a +0 hat (worn)
 x - a +0 cloak (worn)
Jewellery
 s - an uncursed amulet of guardian spirit
 t - a +5 ring of slaying (left hand)
Scrolls
 f - a scroll of enchant weapon {unknown}
 h - a scroll of remove curse {unknown}
 i - 3 scrolls of teleportation {unknown}
 k - 2 scrolls of fear {unknown}
 n - 2 scrolls of recharging {unknown}
 r - a scroll of identify {unknown}
 v - a scroll of fog {unknown}
 y - a scroll of magic mapping {unknown}
Potions
 g - 2 potions of heal wounds {unknown}
 l - a potion of cancellation {unknown}
 o - 3 potions of ambrosia {unknown}
 p - a potion of lignification {unknown}
 q - a potion of berserk rage {unknown}
Books
 c - a book of Minor Magic

   Spells                             Type                      Level
   a - Magic Dart                     Conjuration                  1
   b - Blink                          Translocation                2
   c - Call Imp                       Summoning                    2
   d - Repel Missiles                 Charms/Air                   2
   e - Slow                           Hexes                        2
   f - Conjure Flame                  Conjuration/Fire             3
   g - Mephitic Cloud                 Conjuration/Poison/Air       3
Comestibles
 d - 2 bread rations
 j - 2 beef jerkies
 m - 2 meat rations
 u - a chunk of flesh


   Skills:
 - Level 2.4 Dodging
 - Level 2.4 Stealth
 * Level 6.4 Spellcasting
 * Level 3.4 Conjurations
 + Level 1.3 Charms
   Level 1.1 Summonings
 + Level 1.4 Translocations
 + Level 1.3 Fire Magic


You had 8 spell levels left.
You knew the following spells:

 Your Spells              Type           Power        Failure   Level  Hunger
a - Magic Dart            Conj           ###.         1%          1    None
b - Blink                 Tloc           N/A          8%          2    None
f - Conjure Flame         Conj/Fire      ###.....     10%         3    None
r - Repel Missiles        Chrm/Air       ##....       12%         2    None


Dungeon Overview and Level Annotations

Branches:
Dungeon (3/15)

Altars:
Sif Muna


Message History

Confirm with . or Enter, or press ? or * to list all spells.
Aiming: Magic Dart
Press: ? - help, Shift-Dir - straight line, f/p - orc
Aim: an orc, wielding a flail of crushing and wearing a chain mail The magic dart hits the orc.
The orc is severely wounded.
The orc barely misses you.
You hit the orc but do no damage.
The orc is severely wounded.
The orc hits you with a flail of crushing!
* * * LOW HITPOINT WARNING * * *
Casting: Magic Dart
Confirm with . or Enter, or press ? or * to list all spells.
Aiming: Magic Dart
Press: ? - help, Shift-Dir - straight line, f/p - orc
Aim: an orc, wielding a flail of crushing and wearing a chain mail (severely wounded)
The magic dart hits the orc.
The orc is almost dead.
The orc hits you with a flail of crushing.
You die...

#.# #.###########
##.#####
#.###...#.##....#
#..†....
#...>)#...###.#.#
#...#####
#.###...#####.#.##...#.#
# #.#
##...oo.o.#.######.# #
#o# ##########.# #.# ..
#o# #.# ###.##.## #.#
#########÷# #...##.# #.#
#....@o...# #.####.# #.#
#.######### #.# #.# #.#
#.# #.####.## #.# #.#
##.##..... #†#
##.###########...#.#.#.
#.#
#..............#.......
#)#
#..######..###...#.#.#.
#....# #..#
#...))......... ......##
#..# ##.############


You could see an orc.

Vanquished Creatures
  An orc wizard (D:3)
  Crazy Yiuf (D:3)
  An iguana (D:3)
  3 adders (D:2)
  A dart slug (D:1)
  3 orcs (D:3)
  5 giant cockroaches
  3 goblins
  12 hobgoblins
  5 jackals (D:2)
  9 kobolds
  A quokka (D:2)
  9 bats
  4 giant newts
  4 rats
62 creatures vanquished.

Notes
Turn   | Place    | Note
--------------------------------------------------------------
     0 | D:1      | seren the Deep Elf Wizard began the quest for the Orb.
     0 | D:1      | Reached XP level 1. HP: 10/10 MP: 7/7
   187 | D:1      | Reached XP level 2. HP: 15/15 MP: 6/9
   247 | D:1      | Reached skill level 5 in Spellcasting
   607 | D:1      | You fall through a shaft!
   875 | D:2      | Reached XP level 3. HP: 19/19 MP: 8/11
  1345 | D:2      | Learned a level 2 spell: Blink
  1348 | D:2      | Learned a level 2 spell: Repel Missiles
  1352 | D:2      | Learned a level 3 spell: Conjure Flame
  1810 | D:2      | Found a deep blue altar of Sif Muna.
  1816 | D:2      | Became a worshipper of Sif Muna the Loreminder
  1870 | D:2      | Reached skill level 6 in Spellcasting
  1870 | D:2      | Reached XP level 4. HP: 24/24 MP: 10/14
  2127 | D:3      | Noticed Crazy Yiuf
  2141 | D:3      | Killed Crazy Yiuf
  2332 | D:3      | Reached skill level 1 in Fire Magic
  2572 | D:3      | Reached skill level 1 in Charms
  2572 | D:3      | Reached XP level 5. HP: 28/28 MP: 8/15
  2731 | D:3      | Slain by an orc

Skill      XL: |  1  2  3  4 |
---------------+-------------+-----
Spellcasting   | 5 6 |  6.4
Conjurations   | 2 3 |  3.4
Fire Magic     | 1 |  1.3
Charms         | 1 |  1.3
Dodging        | |  2.4
Stealth        | |  2.4
Summonings     | |  1.1
Translocations | |  1.4

Action                   |  1- 3 |  4- 6 || total
-------------------------+-------+-------++-------
Melee: Dagger            |    28 |    17 ||    45
 Cast: Magic Dart        |    82 |    51 ||   133
       Repel Missiles    |       |     1 ||     1
       Blink             |       |     3 ||     3
 Stab: Sleeping          |     3 |       ||     3
  Eat: Chunk             |     2 |     3 ||     5
Armor: Robe              |     7 |     3 ||    10
Dodge: Dodged            |    19 |    20 ||    39
